SL
D.C. DIVIDED @ THUNDER BAY NORTHERN LIONS BC
07/19/2042
 
TOP OF THE 1ST
D.C. Divided batting - Pitching for Thunder Bay Northern Lions BC : RHP Roger Rodenburg
Pitching: RHP Roger Rodenburg
Batting: RHB Kimi Okubo 0-0: Called Strike
0-1: Ball
1-1: Swinging Strike
1-2: Foul Ball, location: 2F
1-2: Strikes out looking
Batting: RHB Peni Ferede 0-0: Ball
1-0: Called Strike
1-1: Called Strike
1-2: SINGLE (Line Drive, 9LS, EV 107.5 MPH)
Batting: RHB Martín Chávez 0-0: Ball
Peni Ferede steals 2nd base
1-0: Ground out 6-3 (Groundball, 6, EV 105.6 MPH)
Batting: LHB Stanley Zijm 0-0: Called Strike
0-1: Called Strike
0-2: Ball
1-2: Ground out 6-3 (Groundball, 6, EV 95.6 MPH)
Top of the 1st over - 0 runs, 1 hit, 0 errors, 1 left on base; D.C. 0 - Thunder Bay 0
BOTTOM OF THE 1ST
Thunder Bay Northern Lions BC batting - Pitching for D.C. Divided : RHP Kent Martin
Pitching: RHP Kent Martin
Batting: LHB Ramón Padilla 0-0: Bunted foul
0-1: Fly out, F8 (Flyball, 8LS, EV 93.1 MPH)
Batting: RHB Charles Josse 0-0: Ball
1-0: Ball
2-0: Ball
3-0: Called Strike
3-1: Base on Balls
Batting: LHB Keaton Kringlen 0-0: Ball
Charles Josse steals 2nd base
1-0: Called Strike
Charles Josse steals 3rd base
1-1: 2-RUN HOME RUN (Flyball, 9LD, EV 102.5 MPH), Distance : 343 ft
Batting: LHB Sébastien Cornu 0-0: Swinging Strike
0-1: Ball
1-1: Ball
2-1: Called Strike
2-2: Ball
3-2: SINGLE (Line Drive, 9S, EV 91.2 MPH)
Batting: RHB Curf Pierstisnips 0-0: Called Strike
0-1: Swinging Strike
0-2: Strikes out swinging
Batting: LHB Yao-pang Chiang 0-0: Called Strike
0-1: Ball
1-1: Ball
2-1: Fly out, F8 (Flyball, 8LM, EV 90.6 MPH)
Bottom of the 1st over - 2 runs, 2 hits, 0 errors, 1 left on base; D.C. 0 - Thunder Bay 2
TOP OF THE 2ND
D.C. Divided batting - Pitching for Thunder Bay Northern Lions BC : RHP Roger Rodenburg
Batting: SHB Billy Dotson 0-0: Called Strike
0-1: Ball
1-1: Ground out 5-3 (Groundball, 5, EV 79.4 MPH)
Batting: LHB Manuel Carmona 0-0: Ball
1-0: Foul Ball, location: 2F
1-1: Hit by Pitch
Batting: RHB Francisco Alhama 0-0: Called Strike
0-1: Ball
1-1: Called Strike
1-2: Strikes out swinging
Batting: RHB Layton Arntsen 0-0: Ball
Wild Pitch!
Manuel Carmona to second
1-0: Foul Ball, location: 2F
1-1: SINGLE (Line Drive, 3D, EV 93.8 MPH)
Manuel Carmona to third
Runner from 3rd tries for Home, SAFE, throw by RF to home
Batting: LHB Bill Butler 0-0: Foul Ball, location: 2F
0-1: Ground out 2-3 (Groundball, 15S, EV 66.2 MPH)
Top of the 2nd over - 1 run, 1 hit, 0 errors, 1 left on base; D.C. 1 - Thunder Bay 2
BOTTOM OF THE 2ND
Thunder Bay Northern Lions BC batting - Pitching for D.C. Divided : RHP Kent Martin
Batting: RHB Dusty Crum 0-0: SINGLE (Groundball, 6MD, EV 95.6 MPH)
Batting: RHB Griffin Woodfinlevine 0-0: Called Strike
0-1: SINGLE (Groundball, 34D, EV 106.2 MPH)
Dusty Crum to second
Runner from 2nd tries for 3rd, SAFE, throw by RF made to third
Batting: LHB Barry Flauker 0-0: Called Strike
0-1: Foul Ball, location: 2F
0-2: Ball
1-2: SINGLE (Groundball, 6MD, EV 95.6 MPH)
Dusty Crum scores
Griffin Woodfinlevine to second
Runner from 2nd tries for 3rd, SAFE, no throw by CF
Batting: LHB Ramón Padilla 0-0: Ball
1-0: Called Strike
1-1: Called Strike
1-2: Ball
2-2: Ball
3-2: Fielders Choice at 2nd, 4-6 (Groundball, 4, EV 81.9 MPH)
Griffin Woodfinlevine scores
Batting: RHB Charles Josse 0-0: Called Strike
0-1: Ball
1-1: SINGLE (Flyball, 89M, EV 93.8 MPH)
Ramón Padilla to second
Batting: LHB Keaton Kringlen 0-0: DOUBLE (Groundball, 3L, EV 106.9 MPH)
Ramón Padilla scores
Charles Josse to third
Batting: LHB Sébastien Cornu 0-0: Ball
1-0: SINGLE (Groundball, 4MD, EV 95.0 MPH)
Charles Josse scores
Keaton Kringlen to third
Runner from 3rd tries for Home, SAFE, no throw by CF
Pitching: RHP Bertrand Scotton
Batting: RHB Curf Pierstisnips 0-0: Called Strike
0-1: Foul Ball, location: 2F
0-2: Foul Ball, location: 2F
0-2: Ball
1-2: Ball
2-2: SINGLE (Groundball, 6M, EV 105.6 MPH)
Sébastien Cornu to second
Batting: LHB Yao-pang Chiang 0-0: Foul Ball, location: 2F
0-1: Ball
1-1: Swinging Strike
1-2: Foul Ball, location: 2F
1-2: Strikes out swinging
Batting: RHB Dusty Crum 0-0: Ball
1-0: Called Strike
1-1: Fly out, F9 (Flyball, 9, EV 73.1 MPH)
Bottom of the 2nd over - 5 runs, 7 hits, 0 errors, 2 left on base; D.C. 1 - Thunder Bay 7
TOP OF THE 3RD
D.C. Divided batting - Pitching for Thunder Bay Northern Lions BC : RHP Roger Rodenburg
Batting: RHB Kimi Okubo 0-0: Ball
1-0: Ball
2-0: Called Strike
2-1: Ground out 1-3 (Groundball, 34S, EV 75.6 MPH)
Batting: RHB Peni Ferede 0-0: Swinging Strike
0-1: Swinging Strike
0-2: Fly out, F8 (Line Drive, 8LM, EV 99.4 MPH)
Batting: RHB Martín Chávez 0-0: Called Strike
0-1: Foul Ball, location: 2F
0-2: Foul Ball, location: 2F
0-2: SINGLE (Flyball, 8RS, EV 98.1 MPH)
Batting: LHB Stanley Zijm 0-0: Ball
1-0: Ball
2-0: Ball
3-0: Called Strike
3-1: Base on Balls
Martín Chávez to second
Batting: SHB Billy Dotson 0-0: Ball
1-0: Called Strike
1-1: Ball
2-1: Swinging Strike
2-2: Ground out 6-3 (Groundball, 6MS, EV 87.5 MPH)
Top of the 3rd over - 0 runs, 1 hit, 0 errors, 2 left on base; D.C. 1 - Thunder Bay 7
BOTTOM OF THE 3RD
Thunder Bay Northern Lions BC batting - Pitching for D.C. Divided : RHP Bertrand Scotton
Batting: RHB Griffin Woodfinlevine 0-0: Ground out 1-3 (Groundball, P, EV 88.1 MPH)
Batting: LHB Barry Flauker 0-0: Ball
1-0: Ball
2-0: Foul Ball, location: 2F
2-1: Swinging Strike
2-2: Ground out 6-3 (Groundball, 6, EV 101.2 MPH)
Batting: LHB Ramón Padilla 0-0: Called Strike
0-1: DOUBLE (Flyball, 78XD, EV 92.5 MPH)
Batting: RHB Charles Josse 0-0: Called Strike
0-1: Ball
1-1: Ball
2-1: Swinging Strike
2-2: Ball
3-2: Fly out, F9 (Flyball, 9D, EV 93.1 MPH)
Bottom of the 3rd over - 0 runs, 1 hit, 0 errors, 1 left on base; D.C. 1 - Thunder Bay 7
TOP OF THE 4TH
D.C. Divided batting - Pitching for Thunder Bay Northern Lions BC : RHP Roger Rodenburg
Batting: LHB Manuel Carmona 0-0: Called Strike
0-1: Called Strike
0-2: Strikes out swinging
Batting: RHB Francisco Alhama 0-0: Called Strike
0-1: Swinging Strike
0-2: Ball
1-2: Ball
2-2: DOUBLE (Line Drive, 5D, EV 106.9 MPH)
Batting: RHB Layton Arntsen 0-0: Ball
1-0: Called Strike
Francisco Alhama steals 3rd base
1-1: Ground out 6-3 (Groundball, 6, EV 86.9 MPH)
Francisco Alhama scores
Batting: LHB Bill Butler 0-0: Swinging Strike
0-1: Ball
1-1: SINGLE (Groundball, 4MD, EV 95.0 MPH)
Batting: RHB Kimi Okubo 0-0: Foul Ball, location: 2F
0-1: Ball
1-1: Ball
2-1: Foul Ball, location: 2F
2-2: Fly out, F6 (Popup, 6, EV 61.9 MPH)
Top of the 4th over - 1 run, 2 hits, 0 errors, 1 left on base; D.C. 2 - Thunder Bay 7
BOTTOM OF THE 4TH
Thunder Bay Northern Lions BC batting - Pitching for D.C. Divided : RHP Bertrand Scotton
Batting: LHB Keaton Kringlen 0-0: Ball
1-0: Called Strike
1-1: Foul Ball, location: 2F
1-2: Ball
2-2: Strikes out swinging
Batting: LHB Sébastien Cornu 0-0: Called Strike
0-1: Fly out, F6 (Line Drive, 6, EV 67.5 MPH)
Batting: RHB Curf Pierstisnips 0-0: Ground out 6-3 (Groundball, 6, EV 80.6 MPH)
Bottom of the 4th over - 0 runs, 0 hits, 0 errors, 0 left on base; D.C. 2 - Thunder Bay 7
TOP OF THE 5TH
D.C. Divided batting - Pitching for Thunder Bay Northern Lions BC : RHP Roger Rodenburg
Batting: RHB Peni Ferede 0-0: Ball
1-0: Called Strike
1-1: Swinging Strike
1-2: Ground out 1-3 (Groundball, 13S, EV 74.4 MPH)
Batting: RHB Martín Chávez 0-0: Fly out, F8 (Flyball, 8RD, EV 103.8 MPH)
Batting: LHB Stanley Zijm 0-0: Ball
1-0: Foul Ball, location: 2F
1-1: Swinging Strike
1-2: Strikes out swinging
Top of the 5th over - 0 runs, 0 hits, 0 errors, 0 left on base; D.C. 2 - Thunder Bay 7
BOTTOM OF THE 5TH
Thunder Bay Northern Lions BC batting - Pitching for D.C. Divided : RHP Bertrand Scotton
Batting: LHB Yao-pang Chiang 0-0: Ball
1-0: Ball
2-0: Ball
3-0: Called Strike
3-1: Swinging Strike
3-2: Foul Ball, location: 2F
3-2: SINGLE (Flyball, 7LS, EV 91.9 MPH)
Batting: RHB Dusty Crum 0-0: Ball
1-0: Foul Ball, location: 2F
1-1: Foul Ball, location: 2F
1-2: Strikes out swinging
Pitching: RHP Gunnar Hoglund
Batting: RHB Griffin Woodfinlevine 0-0: Ball
1-0: Ball
2-0: Swinging Strike
2-1: Ball
3-1: Called Strike
3-2: Base on Balls
Yao-pang Chiang to second
Batting: LHB Barry Flauker 0-0: Ball
1-0: Ball
2-0: Called Strike
2-1: Fielders Choice at 2nd, 3-6 (Groundball, 34, EV 85.0 MPH)
Yao-pang Chiang to third
Batting: LHB Ramón Padilla 0-0: Foul Ball, location: 2F
0-1: Foul Ball, location: 2F
0-2: Ball
1-2: Ball
2-2: Ground out 6-3 (Groundball, 6, EV 106.9 MPH)
Bottom of the 5th over - 0 runs, 1 hit, 0 errors, 2 left on base; D.C. 2 - Thunder Bay 7
TOP OF THE 6TH
D.C. Divided batting - Pitching for Thunder Bay Northern Lions BC : RHP Roger Rodenburg
Batting: SHB Billy Dotson 0-0: Swinging Strike
0-1: Ball
1-1: Fly out, F7 (Flyball, 7, EV 85.6 MPH)
Batting: LHB Manuel Carmona 0-0: Ball
1-0: SINGLE (Groundball, 6MD, EV 111.2 MPH)
Batting: RHB Francisco Alhama 0-0: Called Strike
0-1: 2-RUN HOME RUN (Line Drive, 78XD, EV 101.2 MPH), Distance : 413 ft
Batting: RHB Layton Arntsen 0-0: Ball
1-0: Ball
2-0: Called Strike
2-1: Ball
3-1: Foul Ball, location: 2F
3-2: Foul Ball, location: 2F
3-2: Fly out, F9 (Flyball, 89M, EV 89.4 MPH)
Batting: LHB Bill Butler 0-0: Called Strike
0-1: SINGLE (Line Drive, 4MD, EV 99.4 MPH)
Batting: RHB Kimi Okubo 0-0: Ball
1-0: Called Strike
1-1: Ball
2-1: Foul Ball, location: 2F
2-2: Ball
Bill Butler steals 2nd base
3-2: Foul Ball, location: 2F
3-2: Strikes out looking
Top of the 6th over - 2 runs, 3 hits, 0 errors, 1 left on base; D.C. 4 - Thunder Bay 7
BOTTOM OF THE 6TH
Thunder Bay Northern Lions BC batting - Pitching for D.C. Divided : RHP Gunnar Hoglund
Batting: RHB Charles Josse 0-0: Ground out 5-3 (Groundball, 5S, EV 80.6 MPH)
Batting: LHB Keaton Kringlen 0-0: Ground out U3 (Groundball, 34, EV 103.8 MPH)
Batting: LHB Sébastien Cornu 0-0: Ball
1-0: Foul Ball, location: 2F
1-1: Foul Ball, location: 2F
1-2: Ball
2-2: SINGLE (Groundball, 6MD, EV 98.1 MPH)
Batting: RHB Curf Pierstisnips 0-0: Swinging Strike
0-1: Ground out 3-1 (Groundball, 3, EV 100.0 MPH)
Bottom of the 6th over - 0 runs, 1 hit, 0 errors, 1 left on base; D.C. 4 - Thunder Bay 7
TOP OF THE 7TH
D.C. Divided batting - Pitching for Thunder Bay Northern Lions BC : RHP Roger Rodenburg
Batting: RHB Peni Ferede 0-0: Ball
1-0: Ball
2-0: Called Strike
2-1: Ball
3-1: Ground out 6-3 (Groundball, 6, EV 86.2 MPH)
Pitching: RHP Miguel Rodríguez
Batting: RHB Martín Chávez 0-0: Fly out, F7 (Flyball, 78M, EV 88.8 MPH)
Batting: LHB Stanley Zijm 0-0: Ball
1-0: Foul Ball, location: 2F
1-1: Called Strike
1-2: Foul Ball, location: 2F
1-2: Foul Ball, location: 2F
1-2: SINGLE (Line Drive, 56D, EV 102.5 MPH)
Batting: SHB Billy Dotson 0-0: Called Strike
0-1: Ball
1-1: Ball
2-1: Ball
Stanley Zijm steals 2nd base (no throw)
3-1: DOUBLE (Line Drive, 9LD, EV 106.2 MPH)
Stanley Zijm scores
Batting: LHB Manuel Carmona 0-0: Fly out, F5 (Popup, 56S, EV 73.8 MPH)
Top of the 7th over - 1 run, 2 hits, 0 errors, 1 left on base; D.C. 5 - Thunder Bay 7
BOTTOM OF THE 7TH
Thunder Bay Northern Lions BC batting - Pitching for D.C. Divided : RHP Gunnar Hoglund
Batting: LHB Yao-pang Chiang 0-0: Called Strike
0-1: Ball
1-1: Ground out 4-3 (Groundball, 4MS, EV 76.9 MPH)
Batting: RHB Dusty Crum 0-0: Called Strike
0-1: Ball
1-1: Ball
2-1: Ball
3-1: Foul Ball, location: 2F
3-2: Ground out 5-3 (Groundball, 56, EV 105.0 MPH)
Batting: RHB Griffin Woodfinlevine 0-0: Ground out 6-3 (Groundball, 56D, EV 111.9 MPH)
Bottom of the 7th over - 0 runs, 0 hits, 0 errors, 0 left on base; D.C. 5 - Thunder Bay 7
TOP OF THE 8TH
D.C. Divided batting - Pitching for Thunder Bay Northern Lions BC : RHP Miguel Rodríguez
Batting: RHB Francisco Alhama 0-0: Foul Ball, location: 2F
0-1: SOLO HOME RUN (Flyball, 7D, EV 106.2 MPH), Distance : 383 ft
Batting: RHB Layton Arntsen 0-0: Called Strike
0-1: SINGLE (Line Drive, 7S, EV 100.6 MPH)
Pitching: LHP Peace Addo
Batting: LHB Bill Butler 0-0: Called Strike
0-1: Called Strike
0-2: Ball
1-2: Ball
2-2: Foul Ball, location: 2F
2-2: Hit by Pitch
Layton Arntsen to second
Batting: RHB Kimi Okubo 0-0: Ball
1-0: Ball
2-0: Sac Bunt to 15S - play at first, batter safe!
Layton Arntsen to third
Bill Butler to second
Batting: RHB Peni Ferede 0-0: Called Strike
Balk!
Layton Arntsen scores
Bill Butler to third
Kimi Okubo to second
0-1: Ball
1-1: Ball
2-1: Foul Ball, location: 2F
2-2: Strikes out swinging
Batting: RHB Martín Chávez 0-0: Ball
1-0: Foul Ball, location: 2F
1-1: Fly out, F9 (Flyball, 9LS, EV 81.2 MPH)
Batting: LHB Stanley Zijm 0-0: Foul Ball, location: 2F
0-1: Called Strike
0-2: Ground out 1-3 (Groundball, 13S, EV 64.4 MPH)
Top of the 8th over - 2 runs, 3 hits, 0 errors, 2 left on base; D.C. 7 - Thunder Bay 7
BOTTOM OF THE 8TH
Thunder Bay Northern Lions BC batting - Pitching for D.C. Divided : RHP Gunnar Hoglund
Batting: LHB Barry Flauker 0-0: Ball
1-0: Ball
2-0: Ground out 6-3 (Groundball, 6M, EV 91.2 MPH)
Batting: LHB Ramón Padilla 0-0: Ball
1-0: Ball
2-0: Swinging Strike
2-1: SINGLE (Groundball, 6, EV 96.9 MPH) (infield hit)
Batting: RHB Charles Josse 0-0: Ball
1-0: SINGLE (Groundball, 56, EV 104.4 MPH)
Ramón Padilla to second
Pitching: LHP Henry Davis
Batting: LHB Keaton Kringlen 0-0: Called Strike
0-1: Called Strike
0-2: Ball
1-2: Foul Ball, location: 2F
1-2: SINGLE (Line Drive, 34D, EV 98.8 MPH)
Ramón Padilla to third
Charles Josse to second
Runner from 3rd tries for Home, throw by RF and OUT! 9-2
Batting: LHB Sébastien Cornu 0-0: Called Strike
0-1: Ground out 3-1 (Groundball, 34S, EV 91.9 MPH)
Bottom of the 8th over - 0 runs, 3 hits, 0 errors, 2 left on base; D.C. 7 - Thunder Bay 7
TOP OF THE 9TH
D.C. Divided batting - Pitching for Thunder Bay Northern Lions BC : LHP Peace Addo
Batting: SHB Billy Dotson 0-0: Ball
1-0: Ground out 6-3 (Groundball, 56, EV 103.8 MPH)
Batting: LHB Manuel Carmona 0-0: Ball
1-0: Foul Ball, location: 2F
1-1: Ball
2-1: SINGLE (Groundball, 4MD, EV 105.0 MPH)
Pitching: RHP Greg Hoover
Batting: RHB Francisco Alhama 0-0: 2-RUN HOME RUN (Flyball, 78XD, EV 88.1 MPH), Distance : 410 ft
Batting: RHB Layton Arntsen 0-0: Ball
1-0: Called Strike
1-1: Ball
2-1: Ball
3-1: Base on Balls
Batting: LHB Bill Butler 0-0: Ball
1-0: Ball
2-0: Ball
3-0: Base on Balls
Layton Arntsen to second
Batting: RHB Kimi Okubo 0-0: Ball
1-0: DOUBLE (Flyball, 89XD, EV 101.9 MPH)
Layton Arntsen scores
Bill Butler to third
Runner from 3rd tries for Home, SAFE, no throw by CF
Batting: RHB Peni Ferede 0-0: Ball
Kimi Okubo steals 3rd base
1-0: Ball
Wild Pitch!
Kimi Okubo scores
2-0: Ball
3-0: Called Strike
3-1: DOUBLE (Flyball, 89D, EV 96.2 MPH)
Pitching: RHP Jean-Marie Beck
Batting: RHB Martín Chávez 0-0: Ball
1-0: Hit by Pitch
Batting: LHB Stanley Zijm 0-0: Called Strike
0-1: Ball
1-1: Ball
2-1: Ball
3-1: Called Strike
3-2: 3-RUN HOME RUN (Flyball, 9D, EV 95.6 MPH), Distance : 355 ft
Batting: SHB Billy Dotson 0-0: Ball
1-0: Called Strike
1-1: SOLO HOME RUN (Flyball, 89XD, EV 96.2 MPH), Distance : 405 ft
Batting: LHB Manuel Carmona 0-0: Foul Ball, location: 2F
0-1: Called Strike
0-2: Ball
1-2: Foul Ball, location: 2F
1-2: Ball
2-2: SINGLE (Groundball, 4MD, EV 108.1 MPH)
Batting: RHB Francisco Alhama 0-0: Ball
1-0: Ball
2-0: Called Strike
2-1: SINGLE (Groundball, 34, EV 85.6 MPH) (infield hit)
Manuel Carmona to second
Batting: RHB Layton Arntsen 0-0: Foul Ball, location: 2F
0-1: Ball
1-1: Foul Ball, location: 2F
1-2: Ball
2-2: Strikes out looking
Batting: LHB Bill Butler 0-0: DOUBLE (Flyball, 8RXD, EV 97.5 MPH)
Manuel Carmona scores
Francisco Alhama to third
Runner from 3rd tries for Home, SAFE, throw by CF to trailing runner, SAFE at third!
Pitching: LHP Masamichi Nakagawa
Batting: RHB Kimi Okubo 0-0: Ball
1-0: Swinging Strike
1-1: Swinging Strike
1-2: Strikes out swinging
Top of the 9th over - 11 runs, 9 hits, 0 errors, 1 left on base; D.C. 18 - Thunder Bay 7
BOTTOM OF THE 9TH
Thunder Bay Northern Lions BC batting - Pitching for D.C. Divided : LHP Henry Davis
Pinch Hitting: RHB Álex Chávez 0-0: Called Strike
0-1: Reached on error, E7 (Line Drive, 7, EV 97.5 MPH)
Batting: LHB Yao-pang Chiang 0-0: Fly out, F7 (Flyball, 7LDF, EV 95.6 MPH)
Batting: RHB Dusty Crum 0-0: Ball
1-0: DOUBLE (Flyball, 8RD, EV 105.0 MPH)
Álex Chávez to third
Batting: RHB Griffin Woodfinlevine 0-0: Called Strike
0-1: Called Strike
0-2: Ground out 5-3 (Groundball, 5S, EV 90.6 MPH)
Batting: LHB Barry Flauker 0-0: Foul Ball, location: 2F
0-1: Ball
1-1: Called Strike
1-2: Strikes out swinging
Bottom of the 9th over - 0 runs, 1 hit, 1 error, 2 left on base; D.C. 18 - Thunder Bay 7
Friday, March 26th, 2021 - OOTP Baseball 20.8 Build 74